 Dungeon Crawl Stone Soup version 0.29-a0-82-g837932c90e (webtiles) character file.

Game seed: 3077415823824133213

32338 testman the Impaler (level 13, -18/113 HPs)
             Began as a Merfolk Gladiator on Feb 3, 2022.
             Was a High Priest of Makhleb.
             Shot with an arrow by a centaur warrior (30 damage)
             ... on level 13 of the Dungeon on Feb 4, 2022.
             The game lasted 01:41:22 (19741 turns).

testman the Impaler (Merfolk Gladiator)            Turns: 19741, Time: 01:41:23

Health: -18/113    AC: 10    Str: 23    XL:     13   Next: 63%
Magic:  31/31      EV: 17    Int: 13    God:    Makhleb [*****.]
Gold:   712        SH:  0    Dex: 17    Spells: 11/12 levels left

rFire   . . .      SeeInvis .   G - +6 halberd (flame)
rCold   . . .      Faith    .   (shield currently unavailable)
rNeg    + + .      Spirit   .   K - +2 leather armour of the Present {Str+5}
rPois   .          Reflect  .   f - +2 helmet "Hextyh" {Int+6 Stlth+}
rElec   .          Harm     .   (no cloak)
rCorr   .          Rampage  +   w - +0 pair of gloves
Will    .....                   S - +0 pair of boots {rampage}
Stlth   ++........              A - macabre finger necklace {rN+}
HPRegen 0.28/turn               x - ring of magical power
MPRegen 0.22/turn               C - ring of flight
                                M - ring of positive energy

@: flying, studying 2 skills, invisible
A: (nimble swimmer 2), mertail
a: Renounce Religion, Minor Destruction, Lesser Servant of Makhleb, Major
Destruction, Greater Servant of Makhleb


You were on level 13 of the Dungeon.
You worshipped Makhleb.
Makhleb was extremely pleased with you.
You visited 1 branch of the dungeon, and saw 13 of its levels.
You also visited: Sewer, Bailey and Gauntlet.

You collected 1009 gold pieces.
You spent 297 gold pieces at shops.

Inventory:

Hand Weapons
 e - a +2 demon trident of freezing
 G - a +6 halberd of flaming (weapon)
Missiles
 b - 3 curare-tipped darts
 d - 7 throwing nets
 u - 42 poisoned darts
 y - 32 javelins
 B - 12 boomerangs
 E - 2 silver boomerangs
Armour
 f - the +2 helmet "Hextyh" (worn) {Int+6 Stlth+}
   (You found it in a Gauntlet)

   Int:       It affects your intelligence (+6).
   Stlth:     It makes you more stealthy.
 w - a +0 pair of gloves (worn)
 K - the +2 leather armour of the Present (worn) {Str+5}
   (You found it on level 7 of the Dungeon)

   Str:       It affects your strength (+5).
 S - a +0 pair of boots of rampaging (worn)
Jewellery
 x - a ring of magical power (left hand)
 A - the macabre finger necklace (around neck) {rN+}
   (You took it off a kobold demonologist on level 7 of the Dungeon)

   [amulet of nothing]

   It enables you to equip an extra ring.
   rN:        It protects you from negative energy.
 C - a ring of flight (right hand)
 M - a ring of positive energy (on amulet)
Wands
 i - a wand of polymorph (7)
 j - a wand of charming (3)
 v - a wand of flame (88)
 N - a wand of iceblast (16)
 P - a wand of digging (12)
 V - a wand of acid (3)
Scrolls
 a - a scroll of magic mapping
 g - a scroll of blinking
 h - 2 scrolls of identify
 l - 5 scrolls of amnesia
 p - 4 scrolls of fog
 r - 6 scrolls of teleportation
 s - a scroll of brand weapon
 t - a scroll of summoning
 D - a scroll of fear
Potions
 c - a potion of ambrosia
 k - 3 potions of mutation
 m - 3 potions of curing
 n - 5 potions of lignification
 o - a potion of cancellation
 O - 2 potions of invisibility
 Q - 2 potions of brilliance
 T - 2 potions of flight
Miscellaneous
 q - a piece from Xom's chessboard (15/15)
 H - a tin of tremorstones (2/2)


   Skills:
 + Level 14.1 Fighting
 + Level 18.4 Polearms
 - Level 2.0 Throwing
 - Level 1.0 Armour
 + Level 8.9 Dodging
 + Level 5.2 Hexes
 + Level 12.9 Invocations


You had 11 spell levels left.
You knew the following spells:

 Your Spells              Type           Power      Damage    Failure   Level
a - Slow                  Hex            52%        N/A       4%          1

Your spell library contained the following spells:

 Spells                   Type           Power      Damage    Failure   Level
 Confusing Touch          Hex            13%        N/A       12%         3
 Tukima's Dance           Hex            13%        N/A       12%         3
 Beastly Appendage        Tmut           0%         N/A       34%         1
 Shock                    Conj/Air       0%         1d3       34%         1
 Summon Guardian Golem    Hex/Summ       6%         N/A       36%         3
 Corpse Rot               Necr/Air       0%         N/A       47%         2
 Poisonous Vapours        Pois/Air       0%         N/A       47%         2
 Scorch                   Fire           0%         2d5       47%         2
 Sublimation of Blood     Necr           0%         N/A       47%         2
 Wereblood                Tmut           0%         N/A       47%         2
 Conjure Flame            Conj/Fire      0%         6-21      71%         3
 Ignite Poison            Fire/Tmut/Pois 0%         N/A       71%         3
 Spider Form              Tmut/Pois      0%         N/A       71%         3
 Stone Arrow              Conj/Erth      0%         3d7       71%         3
 Vampiric Draining        Necr           0%         2d6       71%         3
 Anguish                  Hex/Necr       3%         N/A       77%         4
 Animate Armour           Summ/Erth      0%         N/A       98%         4
 Animate Dead             Necr           0%         N/A       98%         4
 Petrify                  Tmut/Erth      0%         N/A       98%         4
 Sticky Flame             Conj/Fire      0%         2d3       98%         4
 Summon Lightning Spire   Summ/Air       0%         N/A       98%         4
 Fireball                 Conj/Fire      0%         3d3       100%        5
 Irradiate                Conj/Tmut      0%         3d14      100%        5
 Dispersal                Tloc           0%         N/A       100%        6
 Starburst                Conj/Fire      0%         6d3       100%        6
 Statue Form              Tmut/Erth      0%         N/A       100%        6
 Dragon Form              Tmut           0%         N/A       100%        7
 Enfeeble                 Hex            6%         N/A       100%        7
 Haunt                    Necr/Summ      0%         N/A       100%        7
 Disjunction              Tloc           0%         N/A       100%        8
 Infestation              Necr           0%         N/A       100%        8
 Lehudib's Crystal Spear  Conj/Erth      0%         10d2      100%        8


Dungeon Overview and Level Annotations

Branches:
Dungeon (13/15)            Temple (0/1) D:6            Lair (0/6) D:10
    Orc (0/2) D:9          Vaults (0/5) D:13          Sewer (visited)
 Bailey (visited)         Gauntlet (visited)

Altars:
Dithmenos
Makhleb
Okawaru
Ru
Trog
Uskayaw

Shops:
D:2 *   D:5 (   D:10 ?   D:11 =   D:12 *!?

Annotations:
D:7 3 runed translucent doors
D:11 1 runed translucent door, Usuem's ghost, journeyman DECj


Innate Abilities, Weirdness & Mutations

((You are very nimble when in or above water. (Stealth+, EV+, Speed+++)))
Your lower body shifts to a powerful aquatic tail in water.


Message History

Found a +0 long sword.
Things that are here:
a +0 robe; a +0 dagger
Found a gate to the Vaults.
Found a stone staircase leading up.
Things that are here:
a +0 chain mail; a +0 short sword; a +0 morningstar You see here a +2 whip of freezing.
A centaur warrior comes into view.
The centaur warrior shouts!
The centaur warrior wields a +0 longbow.
The centaur warrior shoots an arrow.
The arrow hits you!
The centaur warrior shoots an arrow.
The arrow completely misses you.
The centaur warrior shoots an arrow.
The arrow hits you!!
You reach to attack!
You hit the centaur warrior. You burn the centaur warrior.
The centaur warrior is lightly wounded.
The centaur warrior shoots an arrow.
The arrow hits you!
You reach to attack!
You slash the centaur warrior! You burn the centaur warrior.
The centaur warrior is moderately wounded.
The centaur warrior shoots an arrow.
The arrow hits you!
You are too injured to fight recklessly!
Reach: G) +6 halberd (flame)
Press: ? - help, Dir - move target, f/p - centaur warrior
Aim: a centaur warrior, wielding a +0 longbow and quivering arrows (moderately wounded, about 21% to evade your +6 halberd of flaming)
You reach to attack!
You closely miss the centaur warrior.
The centaur warrior is moderately wounded.
The centaur warrior shoots an arrow.
The arrow hits you!!
A demon appears!
The centaur warrior shoots an arrow.
The arrow hits you!!
* * * LOW HITPOINT WARNING * * *
The centaur warrior shoots an arrow.
The arrow closely misses you.
Okay, then.
Press: ? - help, v - describe, . - travel
Here: a centaur warrior, wielding a +0 longbow and quivering arrows (moderately wounded, ally target)
The floor.
Okay, then.
Okay, then.
You fade into invisibility!
The centaur warrior shoots an arrow.
The arrow hits you!!
You die...

###.#
###..≈♣...##..####...#
...........##......#..
#.........#########..
#...........#∩....#..
#..........##..#.##..
#.........###.#.#.#..
#.c.........#..##.#..
#...@.....###.#......
#...........#####.#..
#...4.....#..........
#.........#.....^....
##.......########.#..
##.....## #.#.[....
####### #..##.#..
#.#.#.#.. #..#.##..


You could see a centaur warrior (ally target) and a friendly orange demon
(summoned).

Vanquished Creatures
  A minotaur (Gauntlet)
  A green death (Gauntlet)
  A great orb of eyes (Gauntlet)
  A hydra (D:13)
  2 boulder beetles
  An ogre mage (D:13)
  2 centaur warriors (D:13)
  4 two-headed ogres
  The ghost of Dordric the Slicer, a novice DEIE of Yredelemnul (D:8)
  The ghost of knot the Cleaver, a novice DsBe of Trog (D:7)
  Pikel (D:8)
  An orc knight (D:13)
  An ugly thing (Gauntlet)
  2 cyclopes
  3 manticores
  Joseph (D:8)
  Maggie (D:7)
  A gargoyle (D:13)
  3 kobold demonologists
  A komodo dragon (D:13)
  5 trolls
  Prince Ribbit (D:5)
  3 hornets
  5 slime creatures
  Sigmund (D:2)
  Eustachio (D:4)
  3 wyverns
  5 yaks (D:12)
  A steam dragon (D:7)
  7 vampire mosquitoes
  18 orc warriors
  Pargi (Sewer)
  An ice beast (D:5)
  A black bear (D:8)
  A boggart (D:13)
  2 sky beasts
  2 necrophages
  17 centaurs
  4 ogres
  2 lemures (D:8)
  2 phantoms
  5 kobold brigands
  2 bullfrogs
  Blork the orc (D:4)
  3 gnoll sergeants
  6 scorpions
  A water moccasin skeleton (D:6)
  A hornet simulacrum (D:8)
  A wyvern skeleton (D:7)
  12 wights
  2 howler monkeys
  4 centaur zombies
  A centaur skeleton (D:6)
  A jelly (D:5)
  3 hounds
  2 gnoll shamans
  8 orc priests
  Terence (D:2)
  8 iguanas
  Natasha (twice) (D:2)
  20 orc wizards
  A spectral killer bee (D:8)
  A killer bee zombie (D:7)
  A mummy (D:7)
  A howler monkey zombie (D:7)
  34 gnolls
  15 adders
  3 white imps
  2 howler monkey simulacra (D:8)
  2 ufetubi (D:6)
  5 dart slugs
  77 orcs
  3 endoplasms (D:3)
  6 giant cockroaches
  12 goblins
  8 hobgoblins
  4 jackals (D:1)
  20 kobolds
  3 quokkas
  3 ball pythons
  A bat (D:2)
  2 frilled lizards (Sewer)
  A hobgoblin zombie (D:7)
  A kobold zombie (D:7)
  2 orc zombies (D:7)
  4 rats
409 creatures vanquished.

Vanquished Creatures (collateral kills)
  An ugly thing (D:7)
1 creature vanquished.

Vanquished Creatures (others)
  A fungus (D:11)
  23 plants
24 creatures vanquished.

Grand Total: 434 creatures vanquished

Notes
Turn   | Place    | Note
-------+----------+-------------------------------------------
     0 | D:1      | testman the Merfolk Gladiator began the quest for the Orb.
     0 | D:1      | Reached XP level 1. HP: 16/16 MP: 1/1
   286 | D:1      | Reached XP level 2. HP: 23/23 MP: 2/2
   416 | D:1      | Reached skill level 5 in Polearms
   575 | D:1      | Reached XP level 3. HP: 28/29 MP: 3/3
   784 | D:2      | Found Qics's Assorted Antiques.
  1093 | D:2      | Noticed Sigmund
  1096 | D:2      | Noticed Terence
  1409 | D:2      | Killed Sigmund
  1410 | D:2      | Reached skill level 7 in Polearms
  1410 | D:2      | Reached XP level 4. HP: 24/38 MP: 4/4
  1410 | D:2      | Reached XP level 5. HP: 27/43 MP: 5/5
  1429 | D:2      | Killed Terence
  1430 | D:2      | Reached skill level 5 in Fighting
  1430 | D:2      | Reached XP level 6. HP: 21/51 MP: 6/6
  1693 | D:2      | Noticed Natasha
  1699 | D:2      | Killed Natasha
  1854 | D:2      | Noticed Natasha
  1859 | D:2      | Killed Natasha
  2111 | D:3      | Found a hide-covered altar of Uskayaw.
  2145 | D:3      | Found a faded altar of an unknown god.
  2160 | D:3      | Prayed at the altar of an unknown god.
  2160 | D:3      | Became a worshipper of Makhleb the Destroyer
  2160 | D:3      | Reached * piety under Makhleb
  2376 | D:3      | Found a glowing drain.
  2387 | D:3      | Reached skill level 8 in Polearms
  2395 | Sewer    | Entered a sewer
  2553 | Sewer    | Noticed Pargi
  2562 | Sewer    | Killed Pargi
  2563 | Sewer    | Reached XP level 7. HP: 57/57 MP: 7/7
  2762 | D:3      | Reached ** piety under Makhleb
  2886 | D:4      | Noticed Eustachio
  2889 | D:4      | Noticed Blork the orc
  3110 | D:4      | Reached skill level 1 in Invocations
  3216 | D:4      | Reached skill level 9 in Polearms
  3546 | D:4      | Killed Blork the orc
  3849 | D:4      | Killed Eustachio
  3850 | D:4      | Reached XP level 8. HP: 21/65 MP: 8/10
  4485 | D:5      | Entered Level 5 of the Dungeon
  4741 | D:5      | Reached skill level 10 in Polearms
  5472 | D:5      | Reached skill level 11 in Polearms
  5472 | D:5      | Reached skill level 5 in Invocations
  5472 | D:5      | Reached XP level 9. HP: 73/74 MP: 12/12
  5494 | D:5      | Reached *** piety under Makhleb
  5528 | D:5      | You fall into a shaft and drop 3 floors!
  5777 | D:8      | Noticed a hornet
  5803 | D:8      | Noticed Pikel
  5895 | D:8      | Killed Pikel
  6067 | D:8      | Killed a hornet
  6139 | D:8      | Found a runed translucent gate.
  6140 | D:8      | Found a runed translucent gate.
  6142 | D:8      | Found a runed translucent gate.
  6143 | D:8      | Noticed Dordric's ghost (novice DEIE)
  6160 | D:7      | Reached skill level 12 in Polearms
  6174 | D:7      | Found a flagged portal.
  6186 | Bailey   | Entered a bailey
  7426 | Bailey   | Reached XP level 10. HP: 83/83 MP: 15/15
  7605 | Bailey   | Reached skill level 13 in Polearms
  8372 | Bailey   | Reached skill level 10 in Fighting
  8604 | Bailey   | Reached skill level 15 in Polearms
  8604 | Bailey   | Reached skill level 10 in Invocations
  8604 | Bailey   | Reached XP level 11. HP: 95/95 MP: 18/18
  8773 | D:7      | Noticed a white ugly thing
  8782 | D:7      | HP: 3/95 [white ugly thing (31)]
  8794 | D:7      | Killed a white ugly thing
  9329 | D:6      | Found a staircase to the Ecumenical Temple.
  9492 | D:5      | Found Fecemer's Weapon Shop.
  9730 | D:5      | Noticed Prince Ribbit
  9736 | D:5      | Killed Prince Ribbit
 10031 | D:6      | Found a shadowy altar of Dithmenos.
 10105 | D:6      | Reached **** piety under Makhleb
 10130 | D:6      | Reached skill level 16 in Polearms
 10210 | D:6      | Found a sacrificial altar of Ru.
 11054 | D:6      | Found a bloodstained altar of Trog.
 11203 | D:6      | Found a burning altar of Makhleb.
 11418 | D:7      | Noticed a cyclops
 11485 | D:7      | Killed a cyclops
 11505 | D:7      | Found a runed translucent door.
 11570 | D:7      | Noticed a two-headed ogre
 11570 | D:7      | Noticed a boulder beetle
 11571 | D:7      | Noticed a purple ugly thing
 11571 | D:7      | Found a runed translucent door.
 11571 | D:7      | Found a runed translucent door.
 11572 | D:7      | Got the Compendium of Shape Shifting and the Birds
 11631 | D:7      | Identified the +2 leather armour of the Present {Str+5}
 11885 | D:7      | Noticed Maggie
 11891 | D:7      | Killed Maggie
 11894 | D:7      | Found a runed translucent gate.
 11896 | D:7      | Found a runed translucent gate.
 12011 | D:7      | Noticed knot's ghost (novice DsBe)
 12073 | D:7      | Noticed a boulder beetle
 12083 | D:7      | Killed a boulder beetle
 12084 | D:7      | Reached skill level 1 in Armour
 12084 | D:7      | Reached XP level 12. HP: 57/103 MP: 20/20
 12349 | D:7      | Found a runed translucent gate.
 12369 | D:7      | Killed knot's ghost
 12589 | D:8      | Killed Dordric's ghost
 13066 | D:8      | Reached ***** piety under Makhleb
 13096 | D:8      | Found an iron altar of Okawaru.
 13241 | D:8      | Noticed Joseph
 13248 | D:8      | Killed Joseph
 13249 | D:8      | Reached skill level 17 in Polearms
 13249 | D:8      | Reached skill level 5 in Dodging
 13444 | D:9      | Learned a level 1 spell: Slow
 13489 | D:9      | Found a staircase to the Orcish Mines.
 13946 | D:9      | Noticed a two-headed ogre
 13954 | D:9      | Killed a two-headed ogre
 13955 | D:9      | Reached skill level 1 in Hexes
 14182 | D:10     | Entered Level 10 of the Dungeon
 14185 | D:10     | Paralysed by a hornet for 1 turns
 14357 | D:10     | Found a staircase to the Lair.
 14367 | D:10     | Found Ocvoquc's Magic Scroll Emporium.
 14370 | D:10     | Bought a scroll of identify for 24 gold pieces
 14370 | D:10     | Bought a scroll of identify for 24 gold pieces
 15392 | D:11     | Found Sejagah's Jewellery Boutique.
 15462 | D:11     | Found a gate leading to a gauntlet.
 15466 | Gauntlet | Entered a Gauntlet
 15466 | Gauntlet | Found a transporter.
 15475 | Gauntlet | Found a transporter.
 15475 | Gauntlet | Noticed a great orb of eyes
 15478 | Gauntlet | Noticed a catoblepas
 15492 | Gauntlet | Found a transporter.
 15496 | Gauntlet | Found a transporter.
 15517 | Gauntlet | Found a transporter.
 15527 | Gauntlet | Noticed a green death
 15530 | Gauntlet | Found a transporter.
 15540 | Gauntlet | Found a transporter.
 15541 | Gauntlet | Found a transporter.
 15574 | Gauntlet | Found a transporter.
 15601 | Gauntlet | Found a transporter.
 15601 | Gauntlet | Found a transporter.
 15611 | Gauntlet | Found a transporter.
 15611 | Gauntlet | Noticed a hell beast
 15704 | Gauntlet | Paralysed by a great orb of eyes for 4 turns
 15709 | Gauntlet | Killed a great orb of eyes
 15725 | Gauntlet | Identified the +2 helmet "Hextyh" {Int+6 Stlth+}
 15805 | Gauntlet | Identified the +0 helmet "Val Ugiy" {Will+ Str+4}
 15814 | Gauntlet | Killed a green death
 15977 | Gauntlet | Noticed a minotaur
 15994 | Gauntlet | Killed a minotaur
 16190 | Gauntlet | Identified the +0 leather armour "Bettiohu" {rN+ Regen+}
 16190 | Gauntlet | Identified the +9 quarterstaff of Antique Gallantry {holy,
                  | rElec rN+}
 16190 | Gauntlet | Identified the +7 triple sword of Infection {antimagic,
                  | rCorr}
 16191 | Gauntlet | Got Uffej's Volume of Calling and Flames
 16278 | D:11     | Found a runed translucent door.
 16279 | D:11     | Noticed Usuem's ghost (journeyman DECj)
 16281 | D:11     | Identified the +0 trident "Gera Iri" {holy, Fragile rC+ rN+
                  | Dex+3}
 16467 | D:11     | Noticed a two-headed ogre
 16472 | D:11     | Killed a two-headed ogre
 17038 | D:12     | Reached XP level 13. HP: 111/111 MP: 22/22
 17143 | D:12     | Found Hasuug's Distillery.
 17378 | D:12     | Found Vys Gidu's Magic Scroll Boutique.
 17386 | D:12     | Bought a scroll of magic mapping for 42 gold pieces
 17386 | D:12     | Bought a scroll of blinking for 90 gold pieces
 17533 | D:12     | Found Viotreh's Assorted Antiques.
 17542 | D:12     | Bought a potion of curing for 117 gold pieces
 17708 | D:13     | Upgraded the game from 0.29-a0-72-g1732ff48e7 to
                  | 0.29-a0-82-g837932c90e
 17796 | D:13     | Reached skill level 18 in Polearms
 19015 | D:13     | Reached skill level 5 in Hexes
 19672 | D:13     | Found a gate to the Vaults.
 19741 | D:13     | Shot with an arrow by a centaur warrior

Illustrated notes

Levels and vault maps discovered:
D:1:      dpeg_arrival_concentric_ovals, layout_rooms, bh_walls_and_bars
D:2:      layout_loops_ring, serial_shops, nicolae_shop_overgrown_old_shop,
          st_stairs_10, uniq_terence, uniq_sigmund, uniq_natasha
D:3:      layout_loops_ring, mainiacjoe_overflow_alcove_1,
          dreamdust_ecumenical_altar_grove, portal_sewer_entry_d, minivault_25
D:4:      layout_gridville, uniq_blork_the_orc, uniq_eustachio
D:5:      layout_basic, serial_shops, nicolae_lakefront_shop,
          chequers_serial_rivers_small_a, minmay_manual_moon,
          uniq_prince_ribbit1
D:6:      minmay_bubble_buster, layout_basic, trog_hazing_becter,
          mainiacjoe_overflow_tiny_flanked, nicolae_ru_sacrificial_ziggurat,
          makhleb_heckhound_becter, minmay_temple_entry_gardened_gates
D:7:      minmay_the_grid_four_pointed_star
          [minmay_the_grid_triangle_9x9_corruption,
          minmay_the_grid_triangle_9x9_intruding_spiral,
          minmay_the_grid_triangle_9x9_negative_grid,
          minmay_the_grid_triangle_9x9_fully_insulated_deathbox,
          minmay_the_grid_prize_four_corners_diamond_a], layout_loops_ring,
          gammafunk_ghost_split, enter_bailey_3, serial_glass, glass_columns_b,
          glass_columns_a, feat_on_display, minmay_strange_pillars,
          due_unseen_surprise, minmay_misc_feat_roman, minmay_mini_ossuary,
          uniq_maggie
D:8:      layout_loops_ring, lemuel_doored_altar, gammafunk_ghost_necromancy,
          kennysheep_generic_room_15, uniq_pikel, uniq_joseph
D:9:      layout_irregular_city, david_orc_2
D:10:     layout_roguey, lair_entry_dummy, serial_shops, kennysheep_mini
D:11:     layout_basic, ebering_ghost_funeral_grove, gauntlet_entry_generic,
          serial_shops, shop
D:12:     layout_loops_ring, serial_shops, nicolae_shop_hallway_stairs,
          nicolae_shop_advertising_works [nicolae_subvault_shop_adworks],
          nicolae_shop_temple_entry_statues_fountains
D:13:     layout_rooms, hangedman_vaults_entry_quadrant_bands, serial_bayou,
          serial_bayou_shore_b, serial_bayou_pond_d, serial_bayou_crossing,
          serial_bayou_pond_a

Skill      XL: |  1  2  3  4  5  6  7  8  9 10 11 12 13 |
---------------+----------------------------------------+-----
Polearms       | 5 7 8 9 11 12 15 16 17 18 | 18.4
Fighting       | 3 4 5 6 8 9 11 12 13 14 | 14.1
Invocations    | 3 5 7 10 11 12 | 12.9
Armour         | 1 |  1.0
Dodging        | 7 8 |  8.9
Hexes          | 3 5 |  5.2
Throwing       | |  2.0

Action                   |  1- 3 |  4- 6 |  7- 9 | 10-12 | 13-15 || total
-------------------------+-------+-------+-------+-------+-------++-------
Melee: Trident           |    95 |   105 |   454 |       |       ||   654
       Punch             |     3 |       |     6 |       |       ||     9
       Tailslap          |       |     2 |       |     4 |       ||     6
       Glaive            |       |       |    11 |   187 |       ||   198
       Halberd           |       |       |       |   338 |   196 ||   534
Invok: Minor Destruction |       |       |    41 |    63 |    20 ||   124
       Lesser Servant of |       |       |     2 |     5 |     3 ||    10
Evoke: Wand              |       |       |       |     1 |       ||     1
  Use: Scroll            |       |     5 |     4 |    19 |     4 ||    32
       Potion            |       |       |     3 |    10 |     2 ||    15
 Stab: Sleeping          |     4 |       |     1 |     3 |     1 ||     9
       Distracted        |       |       |     1 |     4 |     1 ||     6
Armor: Leather armour    |    14 |     1 |    40 |    91 |    35 ||   181
       Chain mail        |       |    25 |    59 |       |       ||    84
Dodge: Dodged            |    54 |    38 |   208 |   186 |   100 ||   586

Table legend: (Time is in decaauts)
 A = Elapsed time spent in this place.
 B = Non-inter-level travel time spent in this place.
 C = Inter-level travel time spent in this place.
 D = Time resting spent in this place.
 E = Time spent auto-exploring this place.
 F = Levels seen in this place.
 G = Mean time per level.
                   A        B        C        D        E       F      G
               +--------+--------+--------+--------+--------+-----+--------+
         Total |  19396 |  18985 |    411 |   6472 |   8617 |  16 | 1212.2 |
       Dungeon |  16041 |  15630 |    411 |   4440 |   8001 |  13 | 1233.9 |
         Sewer |    183 |    183 |      0 |     87 |     59 |   1 |  183.0 |
        Bailey |   2391 |   2391 |      0 |   1741 |    181 |   1 | 2391.0 |
      Gauntlet |    779 |    779 |      0 |    203 |    375 |   1 |  779.0 |
               +--------+--------+--------+--------+--------+-----+--------+

Top non-repeatable levels by time:
  Bailey: 2391 daAuts
    D:12: 1785 daAuts
     D:8: 1740 daAuts
     D:5: 1714 daAuts
     D:7: 1587 daAuts
     D:4: 1535 daAuts
     D:6: 1164 daAuts
    D:10: 1159 daAuts
     D:1: 1023 daAuts
     D:2: 949 daAuts
    D:13: 943 daAuts
     D:3: 874 daAuts
    D:11: 810 daAuts
Gauntlet: 779 daAuts
     D:9: 753 daAuts
